 Seeded DCSS version 0.29.1-1-gd02db6906a (webtiles) character file.

Game seed: 2387645567842811425 (custom seed)

2597 lonewolfV2 the Shield-Bearer (level 9, -3/62 HPs)
             Began as a Demonspawn Fighter on Oct 18, 2022.
             Was a Follower of Hepliaklqana.
             Slain by a seven-headed hydra (10 damage)
             ... on level 7 of the Dungeon.
             The game lasted 00:17:20 (8506 turns).

lonewolfV2 the Shield-Bearer (Demonspawn Fighter)   Turns: 8506, Time: 00:17:21

Health: -3/62      AC: 12    Str: 21    XL:     9   Next: 33%
Magic:  1/9        EV: 13    Int:  6    God:    Hepliaklqana [*.....]
Gold:   418        SH:  6    Dex: 19    Spells: 8/8 levels left

rFire   . . .      SeeInvis .   n - +2 spear
rCold   . . .      Faith    .   c - +0 buckler
rNeg    . . .      Spirit   .   b - +1 scale mail
rPois   .          Reflect  .   (no helmet)
rElec   .          Harm     .   (no cloak)
rCorr   .          Rampage  .   e - +3 Mad Mage's Maulers {Infuse+∞ RegenMP Int-3}
Will    .....                   (no boots)
Stlth   ..........              (no amulet)
HPRegen 0.20/turn               j - +4 ring of evasion
MPRegen 0.51/turn               t - +6 ring of dexterity

@: about to teleport
A: reduced essence, foul stench 1, spiny 1, demonic touch 1
a: Renounce Religion, Recall Ancestor, Ancestor Identity


You were on level 7 of the Dungeon.
You worshipped Hepliaklqana.
Hepliaklqana was aware of your devotion.
You visited 2 branches of the dungeon, and saw 8 of its levels.
You also visited: Ossuary.

You collected 478 gold pieces.
You spent 60 gold pieces at shops.

Inventory:

Hand Weapons
 n - a +2 spear (weapon)
 s - the +2 broad axe "Utzupp" {elec, *Rage Will++ MP+9 SInv}
   (You acquired it on level 2 of the Dungeon)

   It occasionally discharges a powerful burst of electricity upon striking a
   foe.
   MP:        It affects your magic capacity (+9).
   SInv:      It lets you see invisible.
   *Rage:     It berserks you when you make melee attacks (+20% chance).
   Will:      It greatly increases your willpower.
Missiles
 m - a throwing net
Armour
 b - a +1 scale mail (worn)
 c - a +0 buckler (worn)
 e - the +3 Mad Mage's Maulers (worn) {Infuse+∞ RegenMP Int-3}
   (You acquired it on level 1 of the Dungeon)

   It empowers its wearer's blows with all of their magic.
   It causes its wearer's magical reserves to regenerate more quickly.
   Int:       It affects your intelligence (-3).
Jewellery
 j - a +4 ring of evasion (left hand)
 t - a +6 ring of dexterity (right hand)
 w - a ring of poison resistance
 x - a ring of protection from cold
Wands
 C - a wand of iceblast (6) (quivered)
Scrolls
 k - 2 scrolls of magic mapping
 l - 6 scrolls of teleportation
 q - 2 scrolls of identify
 r - 2 scrolls of enchant weapon
 y - a scroll of blinking {unknown}
 z - a scroll of summoning
 B - a scroll of amnesia
Potions
 a - a potion of cancellation
 d - a potion of might
 f - 7 potions of curing
 g - a potion of magic
 h - a potion of haste {unknown}
 i - 3 potions of flight
 o - a potion of heal wounds {unknown}
 p - a potion of resistance {unknown}
 u - a potion of lignification {unknown}
 v - a potion of degeneration {unknown}
 A - a potion of mutation {unknown}


   Skills:
 + Level 6.1 Fighting
 * Level 6.8 Axes
 + Level 5.6 Armour
 * Level 7.1 Shields


You had 8 spell levels left.
You didn't know any spells.
Your spell library contained the following spells:

 Spells                   Type           Power      Damage    Failure   Level
 Necrotise                Necr           0%         1d4       85%         1
 Confusing Touch          Hex            0%         N/A       99%         3
 Gell's Gravitas          Tloc           0%         N/A       99%         3
 Lesser Beckoning         Tloc           0%         N/A       99%         3
 Teleport Other           Tloc           0%         N/A       99%         3
 Vampiric Draining        Necr           0%         2d6       99%         3
 Agony                    Necr           0%         N/A       100%        5
 Yara's Violent Unravell  Hex/Tmut       0%         3d3       100%        5
 Enfeeble                 Hex            0%         N/A       100%        7


Dungeon Overview and Level Annotations

Branches:
Dungeon (7/15)             Temple (1/1) D:4         Ossuary (visited)

Altars:
Ashenzari
Cheibriados
Dithmenos
Fedhas
Gozag
Hepliaklqana
Kikubaaqudgha
Nemelex Xobeh
Okawaru
Qazlal
Ru
Sif Muna
Trog
Uskayaw
Wu Jian
Yredelemnul

Shops:
D:3 *   D:5 [

Portals:
Bailey: D:7


Innate Abilities, Weirdness & Mutations

Your life essence is reduced to manifest your ancestor. (-10% HP)
You may rarely emit foul miasma when damaged in melee.
You are partially covered in sharp spines.
Your touch may inflict minor irresistible damage on your foes.


Message History

You recover from your berserk rage.
You hear the steady creaking of a very distant portcullis.
HP restored.
You now have 418 gold pieces (gained 17).
r - 2 scrolls of enchant weapon (gained 1)
A seven-headed hydra comes into view.
The seven-headed hydra roars!
You hear a shout!
A seven-headed hydra is nearby!
You feel your magic capacity decrease.
The +2 broad axe "Utzupp" {elec, *Rage Will++ MP+9 SInv} stops crackling.
n - a +2 spear (weapon)
A gnoll comes into view. It is wielding a +0 halberd.
A gnoll comes into view. It is wielding a +0 club.
Shawn hits the seven-headed hydra.
You impale the seven-headed hydra!!
The seven-headed hydra is heavily wounded.
A gnoll comes into view. It is wielding a +0 flail.
A gnoll bouda comes into view. It is wielding a +0 club.
You block the seven-headed hydra's attack.
The seven-headed hydra bites you. x2
The seven-headed hydra bites you but does no damage.
The seven-headed hydra bites you.
The seven-headed hydra bites you but does no damage.
The seven-headed hydra bites you!
Shawn hits the seven-headed hydra!
The seven-headed hydra misses you. The seven-headed hydra bites you.
You block the seven-headed hydra's attack.
The seven-headed hydra bites you but does no damage.
The seven-headed hydra bites you!
The seven-headed hydra bites you but does no damage.
The seven-headed hydra barely misses you.
Shawn hits the seven-headed hydra.
As you read the scroll of teleportation, it crumbles to dust.
You feel strangely unstable.
A gnoll comes into view. It is wielding a +0 club.
The seven-headed hydra is struck by your spines.
The seven-headed hydra closely misses you.
The seven-headed hydra bites you. x2; The seven-headed hydra bites you!
* * * LOW HITPOINT WARNING * * *
The seven-headed hydra bites you!
You die...

....#................##
.................##..#
..#.#####.......######
..#.. #####.....##
..#.. #......## ..#..#
##......# ## . ##.#
##.....#..# .#
#........# #.@...#.##
##.DR..## #./g.##
#....g..# #.....g..
#.....g.g .........
#........ ..##..#..


You could see the friendly Shawn the ancestor, a seven-headed hydra (ally
target), a gnoll bouda and 4 gnolls.

Vanquished Creatures
  2 ice beasts
  A black bear (D:7)
  A centaur (D:7)
  3 phantoms
  3 elf zombies (Ossuary)
  A bullfrog (D:6)
  A necrophage (D:6)
  A spectral wyvern (D:6)
  2 scorpions (D:5)
  9 wights (D:6)
  A spectral bullfrog (D:6)
  A bullfrog zombie (D:6)
  3 orc priests
  2 hounds (D:5)
  2 human zombies (Ossuary)
  A bullfrog skeleton (D:6)
  3 iguanas
  4 orc wizards
  2 hound zombies (Ossuary)
  4 mummies
  13 gnolls
  6 adders
  A shadow imp (D:5)
  A white imp (D:7)
  3 ufetubi
  5 adder zombies (Ossuary)
  A worm (D:4)
  5 dart slugs
  14 orcs
  6 ball pythons
  8 endoplasms
  6 giant cockroaches
  A gnoll zombie (Ossuary)
  11 goblins
  6 hobgoblins
  7 jackals
  9 kobolds
  6 quokkas
  6 bats
  3 frilled lizards
  2 goblin zombies (Ossuary)
  5 hobgoblin zombies (Ossuary)
  A jackal zombie (Ossuary)
  A kobold zombie (Ossuary)
  4 orc zombies (Ossuary)
  2 quokka zombies (Ossuary)
  6 rats
  A rat zombie (Ossuary)
187 creatures vanquished.

Vanquished Creatures (collateral kills)
  An elf zombie (Ossuary)
  A shadow imp (D:7)
  A white imp (D:7)
  An adder zombie (Ossuary)
  A dart slug (D:5)
  An orc (D:6)
  2 goblins (D:7)
  A kobold zombie (Ossuary)
  2 rat zombies (Ossuary)
11 creatures vanquished.

Vanquished Creatures (others)
  2 ancestors
  17 withered plants (D:6)
19 creatures vanquished.

Grand Total: 217 creatures vanquished

Notes
Turn   | Place    | Note
-------+----------+-------------------------------------------
     0 | D:1      | lonewolfV2 the Demonspawn Fighter began the quest for the
                  | Orb.
     0 | D:1      | Reached XP level 1. HP: 18/18 MP: 1/1
   230 | D:1      | Gained mutation: You may rarely emit foul miasma when
                  | damaged in melee. [demonic ancestry]
   230 | D:1      | Reached XP level 2. HP: 20/24 MP: 2/2
   499 | D:1      | Reached skill level 3 in Shields
   982 | D:1      | Reached XP level 3. HP: 29/29 MP: 3/3
  1051 | D:1      | Found a faded altar of an unknown god.
  1215 | D:1      | Identified a scroll of acquirement
  1215 | D:1      | Acquired the +3 Mad Mage's Maulers {Infuse+∞ RegenMP Int-3}
  1215 | D:1      | Found the +3 Mad Mage's Maulers {Infuse+∞ RegenMP Int-3}
  1707 | D:2      | Reached XP level 4. HP: 17/35 MP: 1/4
  2013 | D:2      | You fall into a shaft and drop 2 floors!
  2040 | D:4      | Gained mutation: You are partially covered in sharp spines.
                  | [demonic ancestry]
  2040 | D:4      | Reached XP level 5. HP: 15/42 MP: 0/5
  2723 | D:2      | Found a sparkling altar of Nemelex Xobeh.
  2873 | D:2      | Acquired the +2 broad axe "Utzupp" {elec, *Rage Will++ MP+9
                  | SInv}
  3446 | D:3      | Found a bloodstained altar of Trog.
  3641 | D:3      | Found Ybeonkia's Assorted Antiques.
  3649 | D:3      | Bought a potion of curing for 60 gold pieces
  3795 | D:3      | Found a sparkling altar of Nemelex Xobeh.
  3914 | D:4      | Reached skill level 4 in Shields
  3914 | D:4      | Reached XP level 6. HP: 19/48 MP: 1/6
  4643 | D:4      | Found an ornate altar of the Wu Jian Council.
  4734 | D:4      | Found a staircase to the Ecumenical Temple.
  4748 | Temple   | Entered the Ecumenical Temple
  4777 | Temple   | Became a worshipper of Hepliaklqana the Forgotten
  4885 | D:5      | Entered Level 5 of the Dungeon
  4953 | D:5      | Found Ufegorgh's Antique Armour Shoppe.
  5074 | D:5      | Found an iron altar of Okawaru.
  5169 | D:5      | Reached XP level 7. HP: 55/55 MP: 1/7
  5455 | D:5      | Reached * piety under Hepliaklqana
  5512 | D:5      | Reached skill level 5 in Shields
  6072 | D:5      | Reached skill level 5 in Fighting
  6498 | D:5      | Found an ancient bone altar of Kikubaaqudgha.
  6588 | D:6      | Reached skill level 5 in Axes
  6588 | D:6      | Gained mutation: Your touch may inflict minor irresistible
                  | damage on your foes. [demonic ancestry]
  6588 | D:6      | Reached XP level 8. HP: 50/55 MP: 1/8
  6652 | D:6      | Found an opulent altar of Gozag.
  6991 | D:6      | Found a sand-covered staircase.
  6998 | Ossuary  | Entered an ossuary
  7040 | Ossuary  | Reached skill level 6 in Shields
  7077 | Ossuary  | Reached skill level 5 in Armour
  7493 | D:6      | Found a stormy altar of Qazlal.
  7626 | D:6      | Found a shadowy altar of Dithmenos.
  7664 | D:6      | Found a shimmering blue altar of Sif Muna.
  7847 | D:6      | Found the +4 dagger "Morg" {pain, Will+ Int+5}
  7858 | D:6      | Reached XP level 9. HP: 46/62 MP: 1/9
  8116 | D:7      | Found a flagged portal.
  8192 | D:7      | Reached skill level 7 in Shields
  8498 | D:7      | Noticed a seven-headed hydra
  8506 | D:7      | Slain by a seven-headed hydra

Illustrated notes

Levels and vault maps discovered:
D:1:      lemuel_arrival_room, layout_basic, ebering_ecumenical_altar_box
D:2:      layout_loops_ring, serial_rivers, chequers_serial_rivers_micro_e,
          chequers_serial_rivers_micro_b, chequers_serial_rivers_small_3,
          chequers_serial_rivers_micro_c, chequers_serial_rivers_micro_d,
          basic_altar
D:3:      cheibrodos_helix_gallery, layout_rooms, mainiacjoe_overflow_catwalk,
          mainiacjoe_overflow_surrounded_room, serial_shops, shop,
          nrook_mini_backslash
D:4:      layout_rooms, amcnicky_altar_gilded, minmay_temple_entry_nine_rooms,
          glass_columns_a
D:5:      cheibrodos_quashed, layout_basic, mainiacjoe_overflow_alcove_4,
          lemuel_doored_altar, serial_shops, nicolae_shop_trees
D:6:      layout_basic, grunt_gozag_breadcrumbs, elyvilon_altar_5,
          nicolae_tso_carved_into_rock, mainiacjoe_overflow_paths,
          kennysheep_mini, kennysheep_little_box, gup_ossuary_entry_pyramid,
          minmay_misc_feat_iff, minmay_misc_feat_nine_boxes,
          dilly_guarded_unrand_morg
D:7:      minmay_evil_eye, layout_cave_pools, enter_bailey_5
Temple:   nicolae_temple_ecumenical_triangle

Skill      XL: |  1  2  3  4  5  6  7  8  9 |
---------------+----------------------------+-----
Axes           | 2 3 5 6 |  6.8
Armour         | 3 4 5 |  5.6
Shields        | 3 4 5 6 7 |  7.1
Fighting       | 4 5 6 |  6.1

Action                   |  1- 3 |  4- 6 |  7- 9 || total
-------------------------+-------+-------+-------++-------
Melee: War axe           |    80 |    63 |       ||   143
       Broad axe         |       |    54 |   121 ||   175
       Spear             |       |       |     1 ||     1
Invok: Ancestor Identity |       |       |     2 ||     2
       Recall Ancestor   |       |       |     1 ||     1
  Use: Scroll            |     4 |     6 |    11 ||    21
       Potion            |     2 |       |       ||     2
 Stab: Distracted        |       |       |     1 ||     1
Armor: Scale mail        |    53 |    61 |    64 ||   178
Dodge: Dodged            |    55 |   101 |    76 ||   232
Block: Buckler           |    22 |    41 |    38 ||   101
